General information
	        
			
        
        - name: twimed
 
        - type: Custom game
 
        - host: jerund
 
        - saver: greedoFthenoob
 
        
map: SecretValley 
        - players: 5
 
        - length: 13:17
 
        - speed: Fast
 - version: 1.22 W3XP
 - replay type:  Public
 
» download(87 KB)
Players
        team 1 (winner) 
              
              
Iceberg-Slim (
purple | 135 APM | 1788 actions | 13:17)
              
 4 Demon Hunter 
 2 Mana Burn
 2 Evasion
 2 Goblin Tinker 
 1 Cluster Rockets
 1 Engineering Upgrade
 
                » actions 
                
                | Assign group hotkey | 22 |  | 
| Basic commands | 141 |  | 
| Build / train | 48 |  | 
| ESC pressed | 1 |  | 
| Enter build submenu | 11 |  | 
| Enter hero's abilities submenu | 6 |  | 
| Right click | 982 |  | 
| Select / deselect | 319 |  | 
| Select group hotkey | 197 |  | 
| Use ability | 61 |  | 
                1788 total
 » units 
                » upgrades
                
                | Strength of the Moon | 1 |  | 
| Improved Bows | 1 |  | 
| Abolish Magic | 1 |  | 
                3 total
 » buildings
                
                | Altar of Elders | 1 |  | 
| Moon Well | 5 |  | 
| Ancient of War | 1 |  | 
| Ancient of Wonders | 1 |  | 
| Tree of Ages | 1 |  | 
| Hunter's Hall | 1 |  | 
| Ancient of Lore | 2 |  | 
                12 total
 » build order
                00:04 Altar of Elders
00:18 Moon Well
00:33 Ancient of War
01:28 Moon Well
02:00 Ancient of Wonders
04:54 Tree of Ages
04:57 Moon Well
04:59 Hunter's Hall
06:10 Moon Well
08:24 Ancient of Lore
08:26 Ancient of Lore
09:04 Moon Well
» items
                
                | Boots of Speed | 2 |  | 
| Staff of Teleportation | 2 |  | 
| Moonstone | 1 |  | 
                5 total
  
               team 2 (loser) 
              
              
greedoFthenoob (
pink | 92 APM | 1222 actions | 13:17)
              
 3 Archmage 
 2 Summon Water Elemental
 1 Brilliance Aura
 1 Mountain King 
 1 Thunder Clap
 
                » actions 
                
                | Assign group hotkey | 9 |  | 
| Basic commands | 27 |  | 
| Build / train | 54 |  | 
| Enter build submenu | 14 |  | 
| Enter hero's abilities submenu | 4 |  | 
| Give item / drop item | 4 |  | 
| Right click | 712 |  | 
| Select / deselect | 339 |  | 
| Select group hotkey | 5 |  | 
| Use ability | 54 |  | 
                1222 total
 » units 
                
                | Peasant | 17 |  | 
| Footman | 10 |  | 
| Sorceress | 2 |  | 
| Rifleman | 3 |  | 
                32 total
 » buildings
                
                | Altar of Kings | 1 |  | 
| Farm | 5 |  | 
| Barracks | 1 |  | 
| Scout Tower | 2 |  | 
| Arcane Tower | 2 |  | 
| Keep | 1 |  | 
| Arcane Vault | 1 |  | 
| Arcane Sanctum | 1 |  | 
| Blacksmith | 1 |  | 
                15 total
 » build order
                00:04 Altar of Kings
00:15 Farm
00:20 Barracks
00:47 Farm
01:44 Farm
02:34 Scout Tower
03:19 Arcane Tower
03:54 Keep
04:51 Arcane Vault
05:09 Farm
05:11 Scout Tower
05:50 Arcane Tower
08:54 Arcane Sanctum
09:47 Blacksmith
10:27 Farm
» items
                
                | Boots of Speed | 1 |  | 
| Dust of Appearance | 1 |  | 
| Scroll of Regeneration | 2 |  | 
| Lesser Clarity Potion | 1 |  | 
| Potion of Healing | 5 |  | 
| Potion of Mana | 2 |  | 
                12 total
  
               refereesjerund, 
TIMG4STRok, 
ATOUCHOFHERLIPS Chat log
          (00:25 / All) greedoFthenoob: another poor base from the turk
(00:33 / All) jerund: can we have only neutral heroes from the ne
(00:37 / All) greedoFthenoob: npo
(00:40 / All) greedoFthenoob: all bets are off
(00:42 / All) TIMG4STRok: rocket tinker please.
(01:41 / All) jerund: spite wins
(02:10 / All) jerund: anyone wanna play me 50% next
(02:14 / All) TIMG4STRok: OK
(02:21 / All) jerund: it won't be as big a penalty as you might imagine
(02:24 / All) ATOUCHOFHERLIPS: IM PLAYING ICEBERG NEXT
(02:25 / All) jerund: since i don't know how to play
(02:32 / All) TIMG4STRok: act. i called winner of this game next
(02:43 / All) ATOUCHOFHERLIPS: WELL AFTER THAT GAME
(02:44 / All) ATOUCHOFHERLIPS: THEN
(02:49 / All) jerund: ok i call winner of next game but they have to play me 50%
(02:59 / All) jerund: and not be too abusive when they win
(04:05 / All) jerund: how come no one ever does this mount hippogryph thing
(06:10 / All) ATOUCHOFHERLIPS: if 
(08:32 / All) jerund: wow
(08:35 / All) jerund: that was disgusting
(08:38 / All) jerund: bravo turk
(08:41 / All) TIMG4STRok: turk embarrassing iceberg atm
(09:36 / All) jerund: if only mk had bolt
(10:24 / All) jerund: i like his base
(10:27 / All) jerund: it reminds me of houston
(11:16 / All) TIMG4STRok: a dierad?!?!? its that thing that shoots poison needles up your dick
(11:22 / All) jerund: damn those rockets are imba
(12:05 / All) jerund: necessary mid battle transfer of boots
(12:44 / All) greedoFthenoob: er
(12:47 / All) greedoFthenoob: imbalance
(12:50 / All) greedoFthenoob: spectator assistance
(12:54 / All) greedoFthenoob: game is drawn
(12:55 / All) jerund: i told you those rockets were imbalanced
(13:05 / All) greedoFthenoob: game is a draw
(13:10 / All) greedoFthenoob: outwitted
(13:12 / All) greedoFthenoob: outclassed